 Dungeon Crawl Stone Soup version 0.28.0-45-g0d030f2227 (webtiles) character file.

Game seed: 6843524298650540780

1238 MisterFreud the Spear-Bearer (level 8, 0/69 HPs)
             Began as a Naga Fighter on Apr 24, 2022.
             Slain by a necrophage (6 damage)
             ... on level 6 of the Dungeon.
             The game lasted 00:06:40 (5271 turns).

MisterFreud the Spear-Bearer (Naga Fighter)         Turns: 5271, Time: 00:06:40

Health: 0/69       AC:  6    Str: 21    XL:     8   Next: 49%
Magic:  8/8        EV:  7    Int:  9    God:
Gold:   106        SH: 10    Dex: 10    Spells: 7/7 levels left

rFire   . . .      SeeInvis +   a - +1 trident
rCold   . . .      Faith    .   c - +1 buckler
rNeg    . . .      Spirit   .   b - +0 scale mail
rPois   +          Reflect  +   (no helmet)
rElec   .          Harm     .   (no cloak)
rCorr   .          Rampage  .   (no gloves)
Will    +....                   (no barding)
Stlth   ..........              m - amulet of reflection
HPRegen 0.21/turn               (no ring)
MPRegen 0.11/turn               (no ring)

@: about to teleport, very slow
A: AC +2, large, see invisible, deformed body, poison resistance, slowness 2,
spit poison 1, naga tail 1
a: Spit Poison


You were on level 6 of the Dungeon.
You visited 1 branch of the dungeon, and saw 6 of its levels.

You collected 106 gold pieces.

Inventory:

Hand Weapons
 a - a +1 trident (weapon)
Missiles
 g - 5 poisoned darts
 h - 2 curare-tipped darts
 p - a boomerang
Armour
 b - a +0 scale mail (worn)
 c - a +1 buckler (worn)
Jewellery
 m - an amulet of reflection (around neck)
Wands
 e - a wand of charming (9)
Scrolls
 f - a scroll of enchant weapon
 k - a scroll of fear
Potions
 d - a potion of might
 l - a potion of magic
 n - a potion of flight


   Skills:
 - Level 3.0 Fighting
 - Level 8.0 Polearms
 + Level 4.3 Armour
 + Level 4.4 Shields


You had 7 spell levels left.
You didn't know any spells.
Your spell library contained the following spells:

 Spells                   Type           Power      Damage    Failure   Level
 Animate Skeleton         Necr           0%         N/A       78%         1
 Apportation              Tloc           0%         N/A       78%         1
 Slow                     Hex            0%         N/A       78%         1
 Sting                    Tmut/Pois      0%         1d3       78%         1
 Summon Small Mammal      Summ           0%         N/A       78%         1
 Confusing Touch          Hex            0%         N/A       98%         3
 Dazzling Flash           Conj/Hex       0%         N/A       98%         3
 Vampiric Draining        Necr           0%         2d6       98%         3
 Iskenderun's Mystic Bla  Conj/Tloc      0%         2d3       100%        4
 Starburst                Conj/Fire      0%         6d3       100%        6


Dungeon Overview and Level Annotations

Branches:
Dungeon (6/15)
 Temple: D:4-7

Altars:
Makhleb

Shops:
D:6 *


Innate Abilities, Weirdness & Mutations

Your serpentine skin is tough. (AC +2)
You have supernaturally acute eyesight. (SInv)
Armour fits poorly on your strangely shaped body.
Your system is resistant to poisons. (rPois)
You cover ground very slowly.
You can spit poison.
You have a snake-like lower body.


Message History

Press: ? - help, Dir - move target, f/p - wight
Aim: a wight, wielding a +2 scimitar and wearing a +0 robe (lightly damaged, about 38% to evade your +1 trident)
The necrophage is in the way.
You puncture the necrophage!
The necrophage is severely damaged.
You block the necrophage's attack.
Unknown command.
Reach: a) +1 trident
Press: ? - help, Dir - move target, f/p - wight
Aim: a wight, wielding a +2 scimitar and wearing a +0 robe (lightly damaged, about 38% to evade your +1 trident)
The necrophage is in the way.
You hit the necrophage but do no damage.
The necrophage is severely damaged.
Unknown command.
Reach: a) +1 trident
Press: ? - help, Dir - move target, f/p - wight
Aim: a wight, wielding a +2 scimitar and wearing a +0 robe (lightly damaged, about 38% to evade your +1 trident)
You reach to attack!
You puncture the wight!
The wight is heavily damaged.
You block the necrophage's attack.
Unknown command.
Reach: a) +1 trident
Press: ? - help, Dir - move target, f/p - wight
Aim: a wight, wielding a +2 scimitar and wearing a +0 robe (heavily damaged, about 38% to evade your +1 trident)
You reach to attack!
You puncture the wight!
You destroy the wight!
You block the necrophage's attack.
Unknown command.
You barely miss the necrophage.
The necrophage is severely damaged.
You feel less wooden.
Your +0 scale mail unmelds from your body.
The necrophage hits you.
* * * LOW HITPOINT WARNING * * *
As you read the scroll labelled DYKYSI NAFRAU, it crumbles to dust.
You hear a loud clanging noise!
It was a scroll of noise.
You block the necrophage's attack.
As you read the scroll labelled SYGGAR RURORR, it crumbles to dust.
You feel strangely unstable.
It was a scroll of teleportation.
The necrophage hits you.
You die...

###.## ##....#......
#.'.' #..####......
###†####..####......
#.'.†.#<............
###.###..#####......
#.'Z'.#.## ##.....
###n###.# ##....
#n###.# #####
#@#8#.# #.)...#
#######


You could see 2 necrophages and a killer bee zombie.

Vanquished Creatures
  Sigmund (D:3)
  A black bear (D:6)
  3 necrophages (D:6)
  An ogre (D:4)
  A centaur (D:5)
  2 scorpions
  A wight (D:6)
  A hound (D:5)
  A bullfrog zombie (D:6)
  A jelly (D:5)
  A bullfrog skeleton (D:5)
  3 iguanas (D:5)
  A scorpion zombie (D:3)
  A hound skeleton (D:4)
  A mummy (D:6)
  2 howler monkey zombies (D:6)
  5 adders
  2 worms
  2 dart slugs (D:1)
  5 orcs
  6 ball pythons
  2 endoplasms (D:1)
  7 giant cockroaches
  9 goblins
  9 hobgoblins
  6 jackals (D:3)
  5 quokkas
  A bat (D:2)
  2 frilled lizards (D:1)
  6 kobolds
  12 rats
101 creatures vanquished.

Notes
Turn   | Place    | Note
-------+----------+-------------------------------------------
     0 | D:1      | MisterFreud the Naga Fighter began the quest for the Orb.
     0 | D:1      | Reached XP level 1. HP: 21/21 MP: 1/1
   176 | D:1      | Found a faded altar of an unknown god.
   185 | D:1      | Got Plato's Catalogue of Poison
   208 | D:1      | Reached XP level 2. HP: 14/28 MP: 2/2
   523 | D:1      | Reached skill level 3 in Polearms
   798 | D:1      | Reached XP level 3. HP: 26/34 MP: 3/3
  1353 | D:2      | You fall into a shaft and drop 2 floors!
  1526 | D:3      | Reached skill level 4 in Polearms
  1533 | D:3      | Reached XP level 4. HP: 42/42 MP: 4/4
  2248 | D:3      | Noticed Sigmund
  2259 | D:3      | Killed Sigmund
  2260 | D:3      | Reached skill level 6 in Polearms
  2260 | D:3      | Reached XP level 5. HP: 37/49 MP: 5/5
  2260 | D:3      | Reached XP level 6. HP: 42/56 MP: 6/6
  3210 | D:4      | Reached skill level 7 in Polearms
  3210 | D:4      | Reached XP level 7. HP: 32/62 MP: 7/7
  3605 | D:4      | Found a burning altar of Makhleb.
  3903 | D:5      | Entered Level 5 of the Dungeon
  5070 | D:6      | Found Focvoem's Assorted Antiques.
  5153 | D:6      | Reached XP level 8. HP: 64/69 MP: 8/8
  5186 | D:6      | Reached skill level 8 in Polearms
  5271 | D:6      | Slain by a necrophage

Illustrated notes

Levels and vault maps discovered:
D:1:      evilmike_arrival_crescent, layout_loops_ring,
          shapermc_ecumenical_altar_rom_forum
D:2:      layout_basic, lightli_corner_chamber
D:3:      layout_rooms, chequers_serial_rivers_room_a, minmay_misc_feat_rows,
          chequers_serial_rivers_large_b, uniq_sigmund
D:4:      layout_basic, general_overflow_altar, gup_sewer_entry_spiral
D:5:      layout_basic, dk_noncrumbling_4
D:6:      layout_rooms, lemuel_doored_altar, lemuel_mausoleum_altar_yredelemnul,
          serial_corexii_hall, corexii_hall_statues_l, corexii_hall_statues_x,
          corexii_hall_statues_x, chequers_hall_statues_corner_a, serial_shops,
          shop, chequers_mini_garden, kennysheep_small_spiral, nrook_campfire,
          nicolae_fountain_basement, uniq_crazy_yiuf_cottage

Skill      XL: |  1  2  3  4  5  6  7  8 |
---------------+-------------------------+-----
Polearms       | 3 4 6 7 8 |  8.0
Armour         | 3 4 |  4.3
Shields        | 3 4 |  4.4
Fighting       | |  3.0

Action                   |  1- 3 |  4- 6 |  7- 9 || total
-------------------------+-------+-------+-------++-------
Melee: Trident           |    78 |    63 |   143 ||   284
 Abil: Spit Poison       |    28 |    19 |    19 ||    66
  Use: Scroll            |       |     2 |     7 ||     9
       Potion            |       |       |     1 ||     1
Armor: Scale mail        |    23 |    11 |    29 ||    63
       Skin              |       |       |    14 ||    14
Dodge: Dodged            |    22 |    20 |    34 ||    76
Block: Buckler           |    16 |    10 |    73 ||    99
       Reflection        |       |       |     2 ||     2
